 Dungeon Crawl Stone Soup version 0.17.1-3-g152610e (webtiles) character file.

728 kaze the Vandal (level 8, -3/45 HPs)
             Began as a Kobold Assassin on Apr 6, 2016.
             Killed by nerve-wracking pain
             ... invoked by Menkaure
              (13 damage)
             ... on level 6 of the Dungeon.
             The game lasted 00:09:29 (4686 turns).

kaze the Vandal (Kobold Assassin)                   Turns: 4686, Time: 00:09:29

Health: -3/45      AC:  4    Str:  9    XL:     8   Next: 3%
Magic:  8/8        EV: 15    Int:  9    God:
Gold:   221        SH:  0    Dex: 20    Spells: 0 memorised, 7 levels left

rFire  + . .     SeeInvis .     m - +0 hunting sling
rCold  . . .     Clarity  .     G - +0 leather armour
rNeg   . . .     SustAt   .     (shield restricted)
rPois  .         Gourm    .     (no helmet)
rElec  .         Spirit   .     d - +0 cloak
rCorr  .         Warding  .     (no gloves)
rMut   .         Stasis   .     (no boots)
MR     .....                    (no amulet)
Stlth  ++++......               A - ring of wizardry
                                i - ring of protection from fire

@: not resistant to hostile enchantments, stealthy
A: carnivore 3
a: no special abilities


You were on level 6 of the Dungeon.
You were very hungry.

You visited 1 branch of the dungeon, and saw 6 of its levels.

You collected 221 gold pieces.

Inventory:

Hand Weapons
 a - a +0 short sword of speed
 b - a +0 blowgun
 m - a +0 hunting sling (weapon)
Missiles
 c - 38 bolts
 e - 8 poisoned needles
 f - 2 curare-tipped needles
 h - 187 stones (quivered)
 s - 97 arrows
 R - 14 steel sling bullets
Armour
 d - a +0 cloak (worn)
 G - a +0 leather armour (worn)
Jewellery
 i - a ring of protection from fire (left hand)
 A - a ring of wizardry (right hand)
 N - an uncursed ring of poison resistance {unknown}
Wands
 L - a wand of cold (10)
Scrolls
 j - 4 scrolls of remove curse {unknown}
 k - 4 scrolls of identify {unknown}
 l - a scroll of recharging {unknown}
 o - a scroll of fear {unknown}
 w - 2 scrolls of magic mapping {unknown}
 x - 2 scrolls of noise {unknown}
 y - 2 scrolls of enchant armour {unknown}
 C - 2 scrolls of random uselessness {unknown}
 D - 2 scrolls of immolation {unknown}
 H - a scroll of blinking {unknown}
 O - 2 scrolls of fog {unknown}
 P - 2 scrolls of teleportation {unknown}
Potions
 n - 4 potions of curing
 p - 2 potions of beneficial mutation {unknown}
 q - 2 potions of might {unknown}
 r - a potion of lignification {unknown}
 u - a potion of ambrosia {unknown}
 v - a potion of haste {unknown}
 B - 2 potions of poison {unknown}
 E - 2 potions of magic {unknown}
 F - a potion of heal wounds {unknown}
 I - a potion of brilliance {unknown}
 J - a potion of resistance {unknown}
 K - a potion of agility {unknown}
 M - a potion of flight {unknown}
 Q - a potion of degeneration {unknown}
Books
 t - a book of Dreams

   Spells                             Type                      Level
   a - Ensorcelled Hibernation        Hexes/Ice                    2
   b - Phase Shift                    Translocation                5
   c - Shadow Creatures               Summoning                    5
   d - Silence                        Hexes/Air                    5
   e - Darkness                       Hexes                        6
   f - Mass Confusion                 Hexes                        6
Comestibles
 g - 3 meat rations
 z - a slice of pizza


   Skills:
 + Level 2.9 Fighting
 + Level 3.6 Short Blades
 + Level 7.4(7.8) Slings
 + Level 2.8(5.2) Throwing
 + Level 1.7 Armour
 + Level 2.3 Dodging
 + Level 6.7 Stealth


You had 7 spell levels left.
You didn't know any spells.

Dungeon Overview and Level Annotations

Branches:
Dungeon (6/15)
 Temple: D:4-7

Altars:
Dithmenos
Gozag
Kikubaaqudgha
Qazlal
Yredelemnul

Annotations:
D:6 Menkaure


Innate Abilities, Weirdness & Mutations

You are small and have problems with some larger weapons.
You are carnivorous and can eat meat at any time.


Message History

Menkaure calls on the powers of darkness!
Your body is wracked with pain!
Firing (i - inventory. (,) - cycle):
h - 188 stones (quivered)
Press: ? - help, Shift-Dir - straight line, f/p - Menkaure
Aim: Menkaure (severely damaged, fast)
You shoot a stone.
The stone hits Menkaure but does no damage.
Menkaure is severely damaged.
Menkaure gestures at you while chanting.
Pain shoots through your body!
* * * LOW HITPOINT WARNING * * *
You are too injured to fight recklessly!
You are too injured to fight recklessly!
You are too injured to fight recklessly!
Menkaure breathes soot at you.
Drink which item? (? for menu, Esc to quit)
You feel better. Menkaure casts a spell at you. Pain shoots through your body!
You die...

..############..#####....#.......
....# ##..# #............ ....#
##.###..###..#..### ###<#
######.....####.##..# # ###
#.......###.....###.# #
#....##.###.##### #.# ##
#...........## #.. .#
..#..#.####......# #..# ....
....##.##.@....... #..# ....
.....).....#......#
....##.######M.....#.### .####
#...###.#..... .# ....... .#....
. .# ##....( .##..... .# #.....
.# ..... #...(. ## ..... ##..(.


You could see Menkaure.

Vanquished Creatures
  A necrophage (D:5)
  An ogre (D:4)
  2 phantoms
  A giant frog (D:6)
  A giant frog zombie (D:6)
  A hound (D:6)
  3 worker ants
  11 adders
  4 oozes
  3 worms
  An adder skeleton (D:5)
  6 giant geckos
  5 orcs
  5 hobgoblins
  8 jackals
  5 kobolds
  3 quokkas
  3 ball pythons
  6 bats
  4 giant gecko skeletons
  4 giant newts
  5 goblins
  4 rats
87 creatures vanquished.

Notes
Turn   | Place    | Note
--------------------------------------------------------------
     0 | D:1      | kaze the Kobold Assassin began the quest for the Orb.
     0 | D:1      | Reached XP level 1. HP: 12/12 MP: 1/1
   109 | D:1      | Reached XP level 2. HP: 18/18 MP: 2/2
   690 | D:1      | Reached XP level 3. HP: 17/22 MP: 3/3
  1693 | D:2      | Reached skill level 6 in Stealth
  1991 | D:3      | Reached skill level 1 in Slings
  1991 | D:3      | Reached XP level 4. HP: 25/27 MP: 4/4
  2794 | D:3      | Reached XP level 5. HP: 28/31 MP: 5/5
  2829 | D:3      | Found a shadowy altar of Dithmenos.
  3104 | D:4      | Noticed an ogre
  3152 | D:4      | Killed an ogre
  3152 | D:4      | Reached XP level 6. HP: 31/36 MP: 6/6
  3181 | D:4      | Found a basalt altar of Yredelemnul.
  3325 | D:4      | Found an ancient bone altar of Kikubaaqudgha.
  3588 | D:4      | Noticed a phantom
  3605 | D:4      | Killed a phantom
  3605 | D:4      | Reached skill level 5 in Slings
  3605 | D:4      | Reached skill level 1 in Armour
  3807 | D:5      | Entered Level 5 of the Dungeon
  3849 | D:5      | Found an opulent altar of Gozag.
  3865 | D:5      | Reached XP level 7. HP: 40/40 MP: 7/7
  4204 | D:5      | Found a stormy altar of Qazlal.
  4397 | D:6      | Reached skill level 7 in Slings
  4624 | D:6      | Reached XP level 8. HP: 22/44 MP: 8/8
  4673 | D:6      | Noticed Menkaure
  4682 | D:6      | HP: 2/44 [Menkaure/nerve-wracking pain (14)]
  4686 | D:6      | Killed from afar by Menkaure

Action                   |  1- 3 |  4- 6 |  7- 9 || total
-------------------------+-------+-------+-------++-------
Melee: Dagger            |     4 |       |       ||     4
       Short sword       |    17 |    67 |       ||    84
 Fire: Blowgun           |     2 |     5 |       ||     7
       Hunting sling     |    37 |   129 |   124 ||   290
  Use: Potion            |       |     1 |     1 ||     2
 Stab: Sleeping          |     5 |     6 |       ||    11
  Eat: Chunk             |     7 |     3 |       ||    10
